Map: Submarino EE

Players

Korelo

  • Race: Terran Terran
  • League: Gold
  • Spawn Location: 11:00

MrFercho - Winner!

  • Race: Zerg Zerg
  • League: Gold
  • Spawn Location: 5:00

VOD

Have the link to the VOD?

Description

Time

  • Played on: Aug. 8, 2020, 3:56 p.m.
  • Length: 14:01
Show
View Real Time Build Order
Export as new Build Order

Korelo Terran 

Build Orders:  

Get SALT Encoding   

  12  0:01  SCV  
  13  0:15  SCV  
  13  0:17  Supply Depot  
  14  0:28  SCV, Refinery  
  15  0:42  Barracks  
  15  0:47  SCV  
  17  1:11  SCV  
  17  1:23  SCV  
  18  1:32  Barracks Reactor  
  18  1:37  Orbital Command  
  18  1:56  Command Center  
  18  2:06  Supply Depot  
  18  2:07  SCV  
  19  2:11  Marine x2  
  21  2:21  Factory  
  21  2:29  Marine, SCV  
  23  2:44  Marine  
  24  2:46  SCV  
  24  2:47  Marine  
  24  2:50  Refinery  
  26  2:58  SCV  
  27  3:10  SCV  
  28  3:14  Barracks Tech Lab  
  28  3:16  Starport  
  28  3:23  Hellion x2  
  32  3:27  SCV  
  32  3:30  Orbital Command  
  33  3:36  Stimpack  
  33  3:38  Marine  
  33  3:39  SCV  
  35  3:52  Supply Depot  
  35  3:55  Hellion  
  37  3:59  Starport Reactor  
  37  4:01  Marine  
  38  4:06  Hellion  
  40  4:14  Supply Depot, SCV x2  
  42  4:18  Marine  
  43  4:26  SCV  
  44  4:36  Barracks  
  44  4:37  Barracks, Medivac  
  46  4:41  Hellion  
  48  4:46  Hellion  
  48  4:51  SCV  
  48  4:52  SCV  
  52  5:06  Command Center  
  52  5:16  Supply Depot, Combat Shield  
  52  5:17  SCV x2  
  54  5:29  Engineering Bay, SCV x2  
  54  5:30  Engineering Bay  
  54  5:34  Barracks Reactor x2  
  56  5:51  Barracks, Medivac x2  
  56  5:52  Marine, Factory Tech Lab  
  61  5:58  SCV x2  
  61  6:03  Refinery  
  63  6:10  Marine, SCV  
  63  6:11  SCV  
  66  6:15  Marine x4  
  70  6:21  Siege Tank  
  70  6:22  SCV  
  70  6:23  SCV  
  75  6:28  Marine  
  75  6:29  Supply Depot x2, Terran Infantry Weapons Level 1  
  75  6:31  Terran Infantry Armor Level 1  
  76  6:33  Marine x2  
  76  6:35  SCV  
  76  6:37  Orbital Command  
  79  6:47  Missile Turret  
  79  6:49  Missile Turret  
  79  6:52  Missile Turret  
  79  7:03  Marine x5  
  79  7:04  Barracks  
  79  7:06  Barracks  
  84  7:21  Marine x4  
  88  7:24  Armory, Siege Tank  
  88  7:26  Marauder  
  93  7:35  Refinery  
  93  7:39  Marine  
  93  7:40  SCV x2, Orbital Command  
  96  7:52  SCV x2  
  96  7:56  Supply Depot, Siege Tank  
  96  7:57  Supply Depot  
  101  7:59  Supply Depot  
  101  8:16  Supply Depot, Terran Vehicle Weapons Level 1  
  101  8:17  SCV x3  
  101  8:19  Supply Depot  
  104  8:27  Marine x4  
  104  8:29  SCV x3  
  104  8:32  Barracks Tech Lab x2  
  111  8:37  Marine  
  112  8:41  SCV  
  112  8:42  SCV x2  
  112  8:44  Marine  
  112  8:45  Marine x3  
  119  8:51  Terran Infantry Weapons Level 2, Terran Infantry Armor Level 2  
  119  9:02  Marine  
  122  9:03  Marauder x2, Marine  
  122  9:04  Marine x2  
  122  9:08  SCV  
  122  9:09  SCV x2  
  130  9:20  Marauder  
  130  9:21  SCV  
  135  9:24  Marauder  
  135  9:25  Marauder  
  135  9:29  Marine  
  135  9:30  Marine x3  
  135  9:31  Command Center  
  141  9:52  Supply Depot  
  141  9:53  Supply Depot  
  141  10:14  Medivac x2, Marine x7  
  149  10:15  Siege Tank  
  149  10:31  Marine x4  
  149  10:32  Marine x3  
  124  10:49  Marine x4  
  119  10:50  Marine x3  
  115  11:07  Marine x3  
  115  11:08  Marauder x3, Marine  
  97  11:25  Marine x3  
  92  11:26  Marine  
  92  11:29  Marauder x2  
  92  11:30  Marauder  
  95  11:43  Marine x4  
  96  11:50  Marauder  
  96  11:51  Marauder x2  
  102  11:55  Command Center x2  
  102  12:00  Marine  
  100  12:01  Barracks  
  100  12:02  Barracks  
  100  12:05  Barracks  
  93  12:12  Marauder x2  
  93  12:13  Marauder, Marine x3  
  102  12:18  Marine  
  82  12:31  Marine x3  
  82  12:32  Marine  
  82  12:33  Marine x2  
  82  12:35  Siege Tank  
  82  12:36  Marine  
  92  12:48  Marine  
  92  12:49  Marine x2  
  92  12:50  Marine  
  92  12:51  Marine x2  
  96  12:54  Command Center, Marine  
  96  12:57  Command Center  
  99  13:05  Barracks Tech Lab  
  99  13:06  Barracks Tech Lab x2, Marine  
  99  13:07  Marine x2, Siege Tank  
  99  13:08  Marine  
  99  13:09  Marine  
  99  13:10  Marauder  
  99  13:12  Marine  
  110  13:16  SCV x2  
  112  13:24  Marine  
  112  13:25  Marine x2  
  112  13:26  Marauder  
  112  13:27  Marine  
  100  13:29  Marine  
  100  13:30  Marine  
  74  13:42  Marine x2  
Show
View Real Time Build Order
Export as new Build Order

MrFercho Zerg - Winner!

Build Orders: Hatch First, Roach Hydra 

Get SALT Encoding   

  12  0:00  Drone  
  13  0:15  Overlord  
  13  0:17  Drone  
  14  0:34  Drone x2  
  16  0:52  Hatchery  
  16  0:56  Drone  
  17  0:57  Drone  
  17  1:00  Drone  
  18  1:10  Extractor  
  17  1:16  Spawning Pool  
  16  1:18  Drone  
  16  1:21  Drone  
  18  1:31  Drone  
  19  1:41  Drone  
  20  1:57  Overlord  
  20  2:03  Drone  
  20  2:05  Queen x2  
  25  2:09  Drone  
  26  2:29  Drone  
  28  2:30  Drone  
  28  2:31  Zergling x4  
  28  2:36  Overlord  
  30  2:46  Drone x2  
  32  2:52  Lair, Overlord  
  32  2:54  Queen  
  34  3:01  Roach Warren  
  34  3:03  Extractor  
  32  3:07  Evolution Chamber  
  31  3:13  Drone x4  
  35  3:26  Drone  
  39  3:27  Drone x5  
  39  3:32  Overlord  
  41  3:37  Extractor  
  40  3:47  Queen  
  42  3:54  Drone x3  
  45  3:56  Drone x2  
  47  4:08  Roach x2  
  51  4:10  Overlord x2  
  51  4:17  Glial Reconstitution, Zerg Missile Weapons Level 1  
  51  4:42  Roach x6  
  51  4:43  Roach  
  51  4:44  Roach  
  67  4:46  Drone  
  67  4:48  Overlord  
  67  4:49  Overlord  
  68  5:13  Hydralisk Den  
  67  5:14  Drone  
  67  5:15  Drone x3  
  67  5:16  Drone  
  72  5:40  Overlord x2  
  72  5:48  Hatchery, Drone x8  
  79  5:50  Overlord  
  79  5:51  Overlord  
  79  5:52  Overlord  
  79  6:16  Overlord x2  
  79  6:19  Muscular Augments  
  79  6:23  Zerg Missile Weapons Level 2  
  79  6:24  Evolution Chamber  
  78  6:26  Hydralisk x5  
  78  6:27  Hydralisk  
  78  6:29  Overlord  
  90  6:49  Extractor  
  89  7:12  Drone x9  
  89  7:13  Drone x4  
  102  7:20  Extractor  
  102  7:21  Overlord x2  
  102  7:22  Extractor  
  100  7:24  Drone x2  
  102  7:31  Grooved Spines  
  102  7:41  Drone x3  
  102  7:42  Drone x2  
  107  7:54  Queen  
  108  8:04  Drone  
  108  8:05  Drone x8  
  117  8:12  Hatchery  
  116  8:17  Queen  
  118  8:20  Zerg Ground Armor Level 1  
  118  8:50  Hydralisk x16  
  150  9:11  Lurker Den  
  150  9:14  Overlord x2, Infestation Pit  
  148  9:44  Drone x11  
  148  9:45  Drone x4  
  163  9:50  Extractor  
  163  9:51  Extractor, Hydralisk  
  163  9:52  Hydralisk x6  
  170  10:39  Hydralisk x13  
  170  10:41  Overlord x3  
  170  10:42  Overlord  
  167  10:52  Hatchery  
  166  10:58  Hydralisk  
  166  10:59  Hydralisk x4  
  174  11:11  Spine Crawler  
  174  11:14  Spine Crawler  
  174  11:17  Hydralisk x10  
  168  11:34  Zerg Ground Armor Level 2  
  168  11:38  Hive  
  156  11:43  Spire  
  156  11:44  Hydralisk  
  156  11:45  Hydralisk x12  
  163  12:23  Hydralisk x5  
  163  12:24  Hydralisk x13  
  197  13:03  Hydralisk  
  181  13:27  Hydralisk x7  
  181  13:28  Hydralisk x7  
  181  13:31  Overlord x2  
  181  13:33  Hydralisk x5  
Tags
 
Composition
Roach Hydra
League
GoldGold
Matchup
TvZ
Replay Pack
MrFercho
Spawn Locations
Cross Positions
Add a new tag
Caveats
  • Supply blocks, unpowered buildings, or Contaminate may cause inaccurate times.
  • Supply counts are checked every 10 seconds.